Map: Heavy Artillery LE

Players

Massa - Winner!

  • Race: Terran Terran
  • League: Platinum
  • Spawn Location: 1:00

qqq - Winner!

  • Race: Zerg Zerg
  • League: Platinum
  • Spawn Location: 3:00

лопата

  • Race: Zerg Zerg
  • League: Platinum
  • Spawn Location: 7:00

Артурииик

  • Race: Terran Terran
  • Spawn Location: 7:00

VOD

Have the link to the VOD?

Description

Time

  • Played on: Dec. 13, 2020, 12:10 p.m.
  • Length: 5:22
Show
View Real Time Build Order
Export as new Build Order

Massa Terran - Winner!

Build Orders: 2 Factory 

Get SALT Encoding   

  12  0:00  SCV  
  13  0:12  SCV  
  14  0:23  Supply Depot  
  14  0:25  SCV  
  15  0:37  Refinery  
  15  0:45  SCV  
  15  0:46  Barracks  
  16  0:57  SCV  
  17  1:09  Refinery, SCV  
  18  1:21  SCV  
  19  1:33  SCV  
  19  1:36  Factory  
  20  1:45  SCV  
  21  1:48  Reaper  
  23  2:02  Orbital Command  
  22  2:15  Factory  
  22  2:20  Barracks Tech Lab  
  22  2:30  Supply Depot  
  22  2:32  SCV  
  22  2:36  Supply Depot  
  23  2:52  SCV, Supply Depot  
  24  3:00  Barracks Reactor  
  24  3:03  Hellion  
  24  3:04  Factory Reactor, Infernal Pre-Igniter  
  26  3:19  Barracks Tech Lab  
  26  3:24  Hellion, Engineering Bay, Command Center  
  28  3:28  SCV  
  29  3:37  Reaper  
  29  3:41  Hellion  
  32  3:46  Hellion  
  32  3:47  Hellion  
  36  4:02  Hellion  
  38  4:07  Hellion  
  38  4:08  Hellion  
  42  4:27  SCV  
  43  4:34  Missile Turret x2  
  43  4:39  SCV  
Show
View Real Time Build Order
Export as new Build Order

qqq Zerg - Winner!

Build Orders: Hatch First 

Get SALT Encoding   

  12  0:02  Drone  
  13  0:13  Drone  
  14  0:22  Overlord  
  14  0:44  Hatchery  
  14  0:50  Drone  
  14  0:52  Drone  
  15  1:03  Drone x2  
  17  1:26  Drone, Spawning Pool  
  17  1:27  Drone, Extractor  
  17  1:40  Drone  
  17  1:56  Drone x2  
  17  2:00  Drone  
  20  2:13  Queen  
  20  2:14  Queen  
  20  2:15  Drone  
  25  2:20  Overlord  
  25  2:21  Zergling x2  
  26  2:23  Drone  
  27  2:30  Zergling x2  
  28  2:41  Zergling x2  
  28  2:42  Metabolic Boost  
  30  2:44  Drone x2  
  30  2:49  Zergling x2  
  30  2:50  Drone  
  33  3:04  Zergling x2  
  34  3:06  Hatchery, Zergling x2  
  34  3:12  Zergling x2  
  35  3:14  Overlord  
  35  3:20  Zergling x2  
  36  3:32  Overlord  
  36  3:33  Overlord  
  36  3:34  Overlord  
  36  3:39  Lair  
  36  3:42  Zergling x2  
  36  3:44  Zergling x2  
  36  3:47  Zergling x2  
  39  3:50  Drone  
  39  3:53  Zergling x2  
  41  3:56  Zergling x2  
  42  4:04  Zergling x6  
  42  4:05  Zergling x2  
  42  4:06  Zergling x2  
  47  4:23  Zergling x6  
  49  4:24  Zergling x6  
  52  4:35  Zergling x6  
  52  4:36  Zergling x4  
  51  4:53  Zergling x6  
  51  4:54  Zergling x4  
Show
View Real Time Build Order
Export as new Build Order

лопата Zerg 

Build Orders: Hatch First 

Get SALT Encoding   

  12  0:00  Drone  
  13  0:13  Overlord  
  13  0:17  Drone  
  14  0:31  Drone x2  
  16  0:49  Hatchery  
  15  0:52  Drone  
  16  1:08  Spawning Pool  
  16  1:10  Extractor  
  14  1:14  Drone  
  14  1:17  Drone  
  16  1:20  Drone  
  17  1:28  Drone  
  18  1:36  Drone  
  19  1:57  Zergling x2  
  19  1:59  Overlord  
  20  2:02  Queen  
  20  2:03  Queen  
  20  2:05  Zergling x2  
  25  2:12  Metabolic Boost  
  25  2:15  Zergling x2  
  26  2:20  Zergling x2  
  28  2:22  Zergling x2  
  28  2:31  Drone  
  28  2:33  Drone  
  30  2:38  Drone  
  30  2:44  Overlord  
  31  2:45  Drone  
  32  2:55  Drone  
  33  3:09  Drone  
  33  3:10  Hatchery  
  33  3:11  Drone  
  33  3:12  Drone  
  35  3:15  Drone  
  36  3:23  Lair  
  36  3:29  Drone x2  
  36  3:31  Drone  
  39  3:47  Drone x3, Extractor  
  41  3:49  Overlord x2  
  41  3:52  Drone x2  
  41  3:54  Extractor  
  41  3:55  Extractor  
  41  4:11  Drone  
  41  4:12  Drone  
  41  4:13  Drone  
  41  4:14  Drone x3  
  47  4:20  Zergling x2  
  48  4:31  Baneling Nest  
  47  4:34  Infestation Pit  
  44  4:40  Zergling x4  
  44  4:41  Zergling x4  
  44  4:42  Zergling x6  
Show
View Real Time Build Order
Export as new Build Order

Артурииик Terran 

Build Orders: 2 Factory, Gas First Reaper Expand, Mech 

Get SALT Encoding   

  12  0:00  SCV  
  13  0:13  SCV  
  14  0:17  Supply Depot  
  14  0:25  SCV  
  14  0:28  Refinery  
  15  0:41  SCV  
  16  0:45  Barracks  
  16  0:53  SCV  
  17  1:06  SCV  
  17  1:19  SCV  
  18  1:49  SCV  
  19  2:02  Reaper  
  19  2:03  Command Center  
  19  2:04  Orbital Command  
  20  2:10  Factory  
  19  2:24  Supply Depot  
  19  2:30  SCV  
  19  2:34  Reaper  
  21  2:47  SCV  
  22  2:51  Refinery  
  22  2:55  Hellion  
  24  3:00  Factory  
  24  3:03  SCV  
  25  3:09  Barracks Reactor  
  25  3:16  Orbital Command, Hellion  
  25  3:17  SCV  
  28  3:30  SCV  
  28  3:32  Orbital Command  
  29  3:47  Factory Tech Lab  
  29  3:49  SCV  
  30  3:56  Hellion x2  
  30  3:57  SCV  
  35  4:03  SCV, Supply Depot  
  35  4:08  Siege Tank  
  39  4:10  SCV  
  40  4:21  SCV  
  40  4:22  Hellion  
  40  4:23  Hellion  
  45  4:27  Factory  
  45  4:29  SCV  
  46  4:33  SCV  
  46  4:34  Supply Depot  
  47  4:42  SCV  
  30  4:56  Hellion x2  
Tags
 
Add a new tag
Caveats
  • Supply blocks, unpowered buildings, or Contaminate may cause inaccurate times.
  • Supply counts are checked every 10 seconds.